 Dungeon Crawl Stone Soup version 0.30-a0-561-g1b0378597e (webtiles) character file.

Game seed: 12047187150461414009

49654 Bnni the Marksant (level 14, 0/114 HPs)
             Began as a Formicid Hexslinger on Dec 28, 2022.
             Was the Champion of Dithmenos.
             Succumbed to a swamp dragon's poison gas
             ... on level 15 of the Dungeon.
             The game lasted 00:50:37 (19917 turns).

Bnni the Marksant (Formicid Hexslinger)            Turns: 19917, Time: 00:50:37

Health: 0/114      AC: 24    Str: 22    XL:     14   Next: 93%
Magic:  21/21      EV: 10    Int: 18    God:    Dithmenos [******]
Gold:   1011       SH:  6    Dex: 19    Spells: 4/23 levels left

rFire   + + .      SeeInvis +    a - +7 triple crossbow (freeze)
rCold   + . .      Faith    +    e - +0 buckler
rNeg    . . .      Spirit   .    A - +7 Kryia's mail coat {PotionHeal*2 rC+}
rPois   .          Reflect  .    (helmet unavailable)
rElec   .          Harm     .    G - +1 cloak
rCorr   .          Rampage  .    (no gloves)
Will    +....                    i - +1 pair of boots Stlth
                                 H - amulet "Uddiuk" {Faith Fragile rF+ Int+3 Dex+3}
HPRegen 0.39/turn                l - ring of protection from fire
MPRegen 0.17/turn                C - ring of Qail Ijull {AC+4 Str+6}

@: mighty, lethally poisoned (0 -> -12), wreathed by umbra, invisible
A: permanent stasis, dig shafts and tunnels, antennae 3, four strong arms
a: Dig, Shaft Self, Renounce Religion, Shadow Step, Shadow Form


You were on level 15 of the Dungeon.
You worshipped Dithmenos.
Dithmenos was exalted by your worship.
You visited 1 branch of the dungeon, and saw 15 of its levels.
You also visited: Bailey.

You collected 1011 gold pieces.

Inventory:

Hand Weapons
 a - a +7 triple crossbow of freezing (weapon)
Missiles
 p - 4 curare-tipped darts
Armour
 e - a +0 buckler (worn)
 i - a +1 pair of boots (worn)
 A - the +7 Kryia's mail coat (worn) {PotionHeal*2 rC+}
   (You found it on level 8 of the Dungeon)

   Potions are twice as effective at healing its wearer.
   rC:        It protects you from cold.
 G - a +1 cloak (worn)
Jewellery
 c - a ring of positive energy
 d - a ring of resist corrosion
 l - a ring of protection from fire (left hand)
 u - an amulet of reflection
 C - the ring of Qail Ijull (right hand) {AC+4 Str+6}
   (You took it off a gnoll sergeant in a bailey)

   [ring of protection]

   AC:        It affects your AC (+4).
   Str:       It affects your strength (+6).
 H - the amulet "Uddiuk" (around neck) {Faith Fragile rF+ Int+3 Dex+3}
   (You took it off a skeletal warrior on level 13 of the Dungeon)

   [amulet of faith]

   It allows you to gain divine favour quickly.
   Int:       It affects your intelligence (+3).
   Dex:       It affects your dexterity (+3).
   rF:        It protects you from fire.
   Fragile:   It will be destroyed if unequipped.
 J - a ring of protection from cold
 K - a ring of protection from cold
 L - an amulet of regeneration
Wands
 o - a wand of paralysis (10)
 t - a wand of flame (54)
 w - a wand of polymorph (9)
Scrolls
 b - 5 scrolls of poison
 h - a scroll of amnesia
 j - 3 scrolls of vulnerability
 k - a scroll of torment {unknown}
 n - a scroll of fear
 v - 3 scrolls of enchant armour {unknown}
 y - 4 scrolls of brand weapon {unknown}
 z - a scroll of immolation {unknown}
 E - 2 scrolls of fog {unknown}
Potions
 f - a potion of flight {unknown}
 g - 3 potions of mutation
 m - 5 potions of brilliance
 s - a potion of invisibility
 x - a potion of resistance {unknown}
 B - 2 potions of might
Miscellaneous
 I - a phantom mirror


   Skills:
 + Level 11.9 Fighting
 * Level 15.3 Ranged Weapons
 - Level 10.0 Armour
 - Level 1.7 Dodging
 - Level 5.0 Shields
 - Level 5.0 Spellcasting
 - Level 13.0 Hexes
 - Level 3.0 Translocations
 + Level 5.7 Transmutations
 - Level 3.0 Fire Magic


You had 4 spell levels left.
You knew the following spells:

 Your Spells              Type           Power      Damage    Failure   Level
a - Slow                  Hex            100%       N/A       1%          1
b - Inner Flame           Hex/Fire       33%        N/A       4%          3
c - Portal Projectile     Hex/Tloc       66%        N/A       4%          3
d - Cause Fear            Hex            25%        N/A       1%          4
e - Tukima's Dance        Hex            51%        N/A       1%          3
i - Yara's Violent Unrav  Hex/Tmut       19%        3d9       22%         5

Your spell library contained the following spells:

 Spells                   Type           Power      Damage    Failure   Level
 Gell's Gravitas          Tloc           15%        N/A       30%         3
 Lesser Beckoning         Tloc           30%        N/A       30%         3
 Teleport Other           Tloc           15%        N/A       30%         3
 Summon Small Mammal      Summ           16%        N/A       34%         1
 Hailstorm                Conj/Ice       4%         3d4       71%         3
 Manifold Assault         Tloc           15%        N/A       71%         4
 Passage of Golubria      Tloc           15%        N/A       71%         4
 Ice Form                 Ice/Tmut       14%        N/A       73%         4
 Petrify                  Tmut/Erth      14%        N/A       73%         4
 Animate Armour           Summ/Erth      8%         N/A       98%         4
 Metabolic Englaciation   Hex/Ice        14%        N/A       56%         5
 Blade Hands              Tmut           12%        N/A       67%         5
 Irradiate                Conj/Tmut      7%         3d14      97%         5
 Freezing Cloud           Conj/Ice/Air   2%         6-21      100%        5
 Dispersal                Tloc           7%         N/A       100%        6
 Simulacrum               Ice/Necr       2%         N/A       100%        6
 Statue Form              Tmut/Erth      9%         N/A       100%        6
 Dragon Form              Tmut           12%        N/A       100%        7
 Disjunction              Tloc           7%         N/A       100%        8
 Chain Lightning          Conj/Air       2%         3d2       100%        9
 Fire Storm               Conj/Fire      4%         8d1       100%        9
 Shatter                  Erth           2%         3d6*      100%        9


Dungeon Overview and Level Annotations

Branches:
Dungeon (15/15)            Temple (0/1) D:6            Lair (0/5) D:8
    Orc (0/2) D:11         Vaults (0/5) D:14         Bailey (visited)
 Depths: D:15

Altars:
Ashenzari
Cheibriados
Dithmenos
Elyvilon
Hepliaklqana
Kikubaaqudgha
Makhleb
Okawaru
Trog
Uskayaw
Xom

Shops:
D:15 (

Portals:
Trove: D:14 (give +6 demon whip)


Innate Abilities, Weirdness & Mutations

You cannot be hasted, slowed, berserked, paralysed or teleported.
You can dig through walls and to a lower floor.
You have a pair of large antennae on your head. (SInv)
Your four strong arms can wield two-handed weapons with a shield.


Message History

You are more poisoned.
* * * LOW HITPOINT WARNING * * *
You feel extremely sick.
You are too injured to fight recklessly!
Fire: a) +7 triple crossbow (freeze)
Press: ? - help, Shift-Dir - straight line, f/p - swamp dragon
Aim: a swamp dragon (poison gas, severely wounded, umbra, 81% to hit)
You shoot a bolt. The bolt hits the swamp dragon.
The bolt freezes the swamp dragon.
The swamp dragon is almost dead.
You are engulfed in poison gas.
You are lethally poisoned!
* * * LOW HITPOINT WARNING * * *
x2 You feel extremely sick.
Okay, then.
Unknown command.
Okay, then.
Unknown command.
Okay, then.
Unknown command.
Unknown command.
Okay, then.
Unknown command.
Fire: a) +7 triple crossbow (freeze)
Press: ? - help, Shift-Dir - straight line, f/p - swamp dragon
Aim: a swamp dragon (severely wounded, umbra, 81% to hit)
You shoot a bolt. The bolt hits the swamp dragon!!
The bolt freezes the swamp dragon.
You kill the swamp dragon!
Dithmenos accepts your kill.
* * * LOW HITPOINT WARNING * * *
You feel extremely sick.
It was a potion of invisibility.
You fade into invisibility!
* * * LOW HITPOINT WARNING * * *
You feel very sick.
Okay, then.
It was a potion of might.
You feel very mighty all of a sudden.
You die...

#.)# #..# #..# #..# #..#
#..# #..# #..# #..# #°.#
#..# #°○# ######..# #○○#
##.......#######..######
..............@.......☼°.
#########################


There were no monsters in sight!

Vanquished Creatures
  Gastronok (D:9)
  Azrael (D:15)
  A deep elf annihilator (D:13)
  Snorg (D:11)
  4 hydras (D:14)
  A rakshasa (D:13)
  2 death knights
  4 boulder beetles
  A catoblepas (D:13)
  5 centaur warriors
  An ogre mage (D:13)
  A two-headed ogre (D:10)
  3 tengu warriors
  Sonja (D:11)
  The ghost of mojasp the Cleaver, a novice DsFi of Okawaru (D:7)
  4 skeletal warriors
  A swamp dragon (shapeshifter) (D:15)
  A deep troll (D:14)
  A phantasmal warrior (D:13)
  2 orc knights
  A wolf spider (D:14)
  A deep elf pyromancer (D:12)
  10 ugly things
  A moth of wrath (D:7)
  3 cyclopes
  A moth of wrath (shapeshifter) (D:14)
  4 manticores
  4 molten gargoyles (D:15)
  A torpor snail (shapeshifter) (D:14)
  2 gargoyles
  Maggie (D:8)
  An unseen horror (D:10)
  A komodo dragon (D:13)
  A yaktaur (D:14)
  A rime drake (D:8)
  4 freezing wraiths
  4 trolls
  A troll (shapeshifter) (D:14)
  A polar bear (D:8)
  4 slime creatures
  Grinder (D:6)
  21 yaks
  Eustachio (D:6)
  3 fire elementals (D:15)
  2 wraiths
  A basilisk (D:11)
  3 vampire mosquitoes (D:12)
  8 redbacks (D:13)
  A steam dragon (D:8)
  Menkaure (D:4)
  Grum (D:8)
  2 wargs (D:11)
  2 water moccasins
  3 hell hounds (D:15)
  A hornet zombie (D:7)
  5 orc warriors
  2 sky beasts
  6 ice beasts
  7 centaurs
  2 ogres (D:4)
  11 wolves
  3 phantoms
  4 kobold brigands
  2 bullfrogs
  7 gnoll sergeants
  5 scorpions
  8 killer bees
  A jelly (D:5)
  A lava snake (D:15)
  A centaur zombie (D:7)
  4 hounds
  9 gnoll boudas
  18 orc priests
  An iguana (D:5)
  Jessica (D:2)
  18 orc wizards
  A spectral howler monkey (D:7)
  A howler monkey zombie (D:7)
  26 gnolls
  9 adders
  A shadow imp (D:6)
  2 white imps (D:7)
  2 ufetubi
  4 worms
  A dart slug (D:4)
  45 orcs
  6 ball pythons
  6 bats
  4 endoplasms
  3 giant cockroaches
  14 goblins
  7 hobgoblins
  4 jackals (D:1)
  A quokka (D:1)
  A frilled lizard (D:2)
  22 kobolds
  5 rats
  A butterfly (D:7)
417 creatures vanquished.

Notes
Turn   | Place    | Note
-------+----------+-------------------------------------------
     0 | D:1      | Bnni the Formicid Hexslinger began the quest for the Orb.
     0 | D:1      | Reached XP level 1. HP: 15/15 MP: 2/2
   189 | D:1      | Reached XP level 2. HP: 12/21 MP: 3/3
   464 | D:1      | Reached XP level 3. HP: 26/26 MP: 5/5
   468 | D:1      | Learned a level 3 spell: Inner Flame
   607 | D:1      | Found a faded altar of an unknown god.
  1160 | D:2      | Reached XP level 4. HP: 32/32 MP: 6/6
  1274 | D:2      | Noticed Jessica
  1284 | D:2      | Killed Jessica
  1285 | D:2      | Reached skill level 3 in Ranged Weapons
  1285 | D:2      | Reached skill level 1 in Fire Magic
  1794 | D:3      | Found an ancient bone altar of Kikubaaqudgha.
  2170 | D:3      | Identified the +1 ring mail of the Past {Harm rN++ Regen+
                  | MP-9 Int+3}
  2274 | D:4      | Reached XP level 5. HP: 38/38 MP: 3/7
  2491 | D:4      | Learned a level 4 spell: Cause Fear
  2494 | D:4      | Found a hide-covered altar of Uskayaw.
  2498 | D:4      | Reached skill level 5 in Hexes
  2568 | D:4      | Reached XP level 6. HP: 44/44 MP: 5/9
  2658 | D:4      | Noticed an ogre
  2835 | D:4      | Killed an ogre
  2938 | D:4      | Noticed an ogre
  2949 | D:4      | Killed an ogre
  2950 | D:4      | Reached skill level 4 in Ranged Weapons
  2950 | D:4      | Reached XP level 7. HP: 9/51 MP: 7/10
  3154 | D:4      | Found a shadowy altar of Dithmenos.
  3156 | D:4      | Noticed Menkaure
  3163 | D:4      | Killed Menkaure
  3230 | D:4      | Became a worshipper of Dithmenos the Shadowed
  3799 | D:5      | Entered Level 5 of the Dungeon
  4082 | D:5      | Identified the +6 trident of Might {freeze, rN+}
  4367 | D:5      | Reached skill level 5 in Ranged Weapons
  4367 | D:5      | Reached XP level 8. HP: 44/58 MP: 5/12
  4434 | D:5      | Learned a level 3 spell: Portal Projectile
  4667 | D:6      | Noticed Grinder
  4674 | D:6      | Killed Grinder
  4849 | D:6      | Reached skill level 6 in Ranged Weapons
  5215 | D:6      | Reached * piety under Dithmenos
  5216 | D:6      | Reached XP level 9. HP: 46/66 MP: 9/13
  5434 | D:6      | Found a burning altar of Makhleb.
  5655 | D:6      | Found a broken altar of Ashenzari.
  5685 | D:6      | Found a staircase to the Ecumenical Temple.
  5745 | D:6      | Noticed Eustachio
  5759 | D:6      | Killed Eustachio
  6095 | D:7      | Found a shimmering altar of Xom.
  6095 | D:7      | Found a shimmering altar of Xom.
  6095 | D:7      | Found a shimmering altar of Xom.
  6095 | D:7      | Found a shimmering altar of Xom.
  6095 | D:7      | Found a shimmering altar of Xom.
  6117 | D:7      | Noticed a moth of wrath
  6119 | D:7      | Found a bloodstained altar of Trog.
  6204 | D:7      | Killed a moth of wrath
  6205 | D:7      | Reached skill level 5 in Fighting
  6205 | D:7      | Reached skill level 7 in Ranged Weapons
  6437 | D:7      | Found a white marble altar of Elyvilon.
  6482 | D:7      | Found Noceodwo's Antique Armour Shoppe.
  6731 | D:7      | Reached skill level 8 in Ranged Weapons
  6731 | D:7      | Reached ** piety under Dithmenos
  6908 | D:7      | Reached XP level 10. HP: 76/76 MP: 14/14
  7100 | D:7      | Reached skill level 10 in Hexes
  7191 | D:7      | Found a hazy altar of Hepliaklqana.
  7632 | D:7      | Found a runed translucent gate.
  7633 | D:7      | Found a runed translucent gate.
  7634 | D:7      | Found a runed translucent gate.
  7636 | D:7      | Noticed mojasp's ghost (novice DsFi)
  7669 | D:7      | Killed mojasp's ghost
  7670 | D:7      | Reached skill level 9 in Ranged Weapons
  7979 | D:8      | Found the +7 Kryia's mail coat {PotionHeal*2 rC+}
  8014 | D:8      | Reached skill level 1 in Armour
  8054 | D:8      | Noticed Grum
  8058 | D:8      | Noticed Maggie
  8065 | D:8      | Killed Grum
  8066 | D:8      | Reached skill level 1 in Translocations
  8084 | D:8      | Killed Maggie
  8168 | D:8      | Reached XP level 11. HP: 72/84 MP: 5/15
  8191 | D:8      | Found a flagged portal.
  8197 | Bailey   | Entered a bailey
  8212 | Bailey   | Reached *** piety under Dithmenos
  8321 | Bailey   | Reached skill level 10 in Ranged Weapons
  8679 | Bailey   | Identified the ring of Qail Ijull {AC+4 Str+6}
  8685 | Bailey   | Identified the +3 flail of Wibeex {heavy, rCorr Str+3}
  9290 | D:8      | Reached skill level 5 in Armour
  9349 | D:8      | Found a staircase to the Lair.
  9780 | D:8      | Found a snail-covered altar of Cheibriados.
 10234 | D:9      | Reached **** piety under Dithmenos
 10240 | D:9      | Reached skill level 11 in Ranged Weapons
 10309 | D:9      | Noticed a tengu warrior
 10324 | D:9      | Killed a tengu warrior
 10328 | D:9      | Noticed a boulder beetle
 10480 | D:9      | Noticed a cyclops
 10484 | D:9      | Killed a cyclops
 10499 | D:9      | Killed a boulder beetle
 10617 | D:9      | Learned a level 3 spell: Tukima's Dance
 10692 | D:9      | Noticed Gastronok
 10702 | D:9      | Killed Gastronok
 10703 | D:9      | Reached skill level 1 in Transmutations
 10703 | D:9      | Reached XP level 12. HP: 70/94 MP: 13/16
 11074 | D:9      | Identified the +5 falchion of Eloew Poi {flame, *Rage rF+
                  | Str+5}
 11358 | D:10     | Entered Level 10 of the Dungeon
 11432 | D:10     | Reached skill level 1 in Shields
 11922 | D:10     | Noticed a two-headed ogre
 11940 | D:10     | Killed a two-headed ogre
 11940 | D:10     | Reached ***** piety under Dithmenos
 12046 | D:10     | Found an iron altar of Okawaru.
 12921 | D:11     | Reached skill level 12 in Ranged Weapons
 12961 | D:11     | Found a staircase to the Orcish Mines.
 13010 | D:11     | Noticed Sonja
 13014 | D:11     | Killed Sonja
 13415 | D:11     | Learned a level 5 spell: Yara's Violent Unravelling
 13422 | D:11     | Noticed Snorg
 13432 | D:11     | Killed Snorg
 13745 | D:12     | Reached skill level 5 in Shields
 13752 | D:12     | Reached XP level 13. HP: 33/101 MP: 17/19
 15173 | D:13     | Reached skill level 5 in Spellcasting
 16109 | D:13     | Noticed an ogre mage
 16121 | D:13     | Killed an ogre mage
 16162 | D:13     | Noticed a centaur warrior
 16167 | D:13     | Killed a centaur warrior
 16245 | D:13     | Noticed a centaur warrior
 16249 | D:13     | Killed a centaur warrior
 16250 | D:13     | Reached skill level 13 in Ranged Weapons
 16250 | D:13     | Reached skill level 10 in Armour
 16253 | D:13     | Reached skill level 10 in Fighting
 16256 | D:13     | Noticed a deep elf annihilator
 16259 | D:13     | Noticed a catoblepas
 16264 | D:13     | Killed a deep elf annihilator
 16265 | D:13     | Reached skill level 5 in Transmutations
 16275 | D:13     | Killed a catoblepas
 16438 | D:13     | Noticed a rakshasa
 16444 | D:13     | Noticed a centaur warrior
 16451 | D:13     | Killed a centaur warrior
 16451 | D:13     | Killed a rakshasa
 16820 | D:14     | Found a portal to a secret trove of treasure.
 16892 | D:14     | Noticed a five-headed hydra
 16893 | D:14     | Identified the amulet "Uddiuk" {Faith Fragile rF+ Int+3
                  | Dex+3}
 16898 | D:14     | Killed a five-headed hydra
 16946 | D:13     | Reached XP level 14. HP: 49/111 MP: 21/21
 17414 | D:14     | Reached skill level 14 in Ranged Weapons
 18406 | D:14     | Got Awud's Octavo of the Voltaic Throng
 18901 | D:14     | Found a gate to the Vaults.
 18987 | D:15     | Entered Level 15 of the Dungeon
 19032 | D:15     | Reached skill level 15 in Ranged Weapons
 19065 | D:15     | Found Dianin's Weapon Shop.
 19098 | D:15     | Noticed Azrael
 19102 | D:15     | Killed Azrael
 19298 | D:15     | Reached ****** piety under Dithmenos
 19386 | D:15     | HP: 1/114 [centaur warrior/arrow (14)]
 19916 | D:15     | HP: 2/114 [poisoned by a swamp dragon (poison gas)]
 19917 | D:15     | Succumbed to a swamp dragon's poison gas

Illustrated notes

Levels and vault maps discovered:
D:1:      dpeg_arrival_arbitrary_b, layout_basic,
          hellmonk_ecumenical_altar_leap_of_faith
D:2:      layout_rooms, uniq_jessica
D:3:      layout_basic, lemuel_round_altar, bh_walls_and_bars
D:4:      layout_basic, mainiacjoe_overflow_concentric_impassable,
          eat_drink_and_be_merry_uskayaw, uniq_menkaure
D:5:      layout_gridville
D:6:      layout_loops_ring, overflow_temple_1_default,
          makhleb_heckhound_becter, lemuel_temple_firewalk_b, uniq_grinder,
          uniq_eustachio
D:7:      layout_loops_ring, nicolae_hepliaklqana_hippocampus, xom_redecorated,
          nicolae_elyvilon_peaceful_grove, tgw_trog, gammafunk_ghost_necromancy,
          serial_shops, shop
D:8:      layout_basic, cheibriados_altar_1, hellmonk_lair_entry_icy,
          enter_bailey_3, uniq_grum, uniq_maggie
D:9:      minmay_cornered_nines, layout_irregular_city, uniq_gastronok
D:10:     layout_irregular_city, okawaru_metal_pillars_3, grunt_ministairs_13,
          kennysheep_generic_room_13
D:11:     layout_roguey, erik_orc_4, uniq_sonja, uniq_snorg
D:12:     layout_loops_cross
D:13:     layout_loops_ring, drop_trap, minmay_evil_grid
D:14:     minmay_the_grid_four_pointed_star_mashed
          [minmay_the_grid_triangle_9x9_zippers_horizontal,
          minmay_the_grid_triangle_9x9_windchime,
          minmay_the_grid_triangle_9x9_corruption,
          minmay_the_grid_triangle_9x9_swiss_cheese,
          minmay_the_grid_prize_four_corners_diamond_b], layout_loops_ring,
          david_vaults_4, corexii_corridor_pit, trove_entry_hex_spiral
D:15:     hangedman_depths_entry_try_elsewhere_first, layout_long_grid,
          serial_shops, nicolae_shop_bloodbath_and_beyond, solitary_fountain,
          amcnicky_mini_corridor_feature, minivault_8, uniq_azrael

Skill      XL: |  1  2  3  4  5  6  7  8  9 10 11 12 13 14 |
---------------+-------------------------------------------+-----
Hexes          | 4 5 6 8 9 10 11 12 13 | 13.0
Ranged Weapons | 3 4 5 6 8 9 11 12 13 15 | 15.3
Fire Magic     | 1 2 3 |  3.0
Fighting       | 2 3 4 5 7 8 9 10 11 | 11.9
Spellcasting   | 2 3 4 5 |  5.0
Armour         | 3 7 8 10 | 10.0
Translocations | 1 3 |  3.0
Transmutations | 1 3 5 |  5.7
Shields        | 5 |  5.0
Dodging        | |  1.7

Action                   |  1- 3 |  4- 6 |  7- 9 | 10-12 | 13-15 || total
-------------------------+-------+-------+-------+-------+-------++-------
Melee: Sling             |       |     2 |       |       |       ||     2
       Unarmed           |       |     2 |       |       |       ||     2
 Fire: Sling             |   122 |   142 |    16 |       |       ||   280
       Shortbow          |       |       |   233 |   555 |   298 ||  1086
       Triple crossbow   |       |       |       |       |    93 ||    93
Throw: Throwing net      |       |       |       |     1 |     1 ||     2
       Dart              |       |       |       |       |     1 ||     1
 Cast: Slow              |     1 |     7 |     7 |    14 |     2 ||    31
       Inner Flame       |       |     7 |    36 |    68 |    46 ||   157
       Portal Projectile |       |       |     2 |    10 |     5 ||    17
       Cause Fear        |       |       |       |       |     6 ||     6
       Tukima's Dance    |       |       |       |       |     3 ||     3
 Abil: Dig               |       |       |     1 |     1 |     2 ||     4
  Use: Scroll            |       |     7 |     5 |       |     6 ||    18
       Potion            |       |     2 |     1 |     5 |     4 ||    12
Armor: Robe              |    20 |    23 |    49 |    12 |       ||   104
       Skin              |       |    24 |       |       |       ||    24
       Scale mail        |       |       |       |   199 |   119 ||   318
Dodge: Dodged            |    52 |    50 |    82 |   198 |   108 ||   490
Block: Buckler           |       |       |       |     8 |    55 ||    63

Table legend: (Time is in decaauts)
 A = Elapsed time spent in this place.
 B = Non-inter-level travel time spent in this place.
 C = Inter-level travel time spent in this place.
 D = Time resting spent in this place.
 E = Time spent auto-exploring this place.
 F = Levels seen in this place.
 G = Mean time per level.
                   A        B        C        D        E       F      G
               +--------+--------+--------+--------+--------+-----+--------+
         Total |  20162 |  19695 |    467 |   5060 |  11142 |  16 | 1260.1 |
       Dungeon |  19327 |  18860 |    467 |   4706 |  11013 |  15 | 1288.5 |
        Bailey |    835 |    835 |      0 |    354 |    129 |   1 |  835.0 |
               +--------+--------+--------+--------+--------+-----+--------+

Top non-repeatable levels by time:
    D:13: 2468 daAuts
    D:14: 2184 daAuts
     D:7: 1848 daAuts
     D:4: 1679 daAuts
     D:8: 1620 daAuts
     D:6: 1450 daAuts
    D:11: 1254 daAuts
    D:10: 1123 daAuts
     D:9: 1054 daAuts
    D:12: 914 daAuts
     D:1: 890 daAuts
  Bailey: 835 daAuts
     D:3: 802 daAuts
    D:15: 684 daAuts
     D:2: 679 daAuts
